cohdb
Replays
Latest Replays
All Replays
Popular Replays
Top Player Replays
Match Explorer
How It Works
Community
CoH3 Stats
Reddit
Sign in to upload your games and track your stats! →
Sign in with Steam
Match 39734510
Unlisted
Match 39734510
Overview
Messages
Build Orders
End
Construct Infanterie Kompanie
Grenadier Squad
MG 42 Machine Gun Team
GrW 34 Mortar Team
Grenadier Squad
Infanterie Officer Quarters
Construct Panzergrenadier Kompanie
251 Medium Carrier
Panzergrenadier Squad
Support Elements
Selects Breakthrough Battlegroup
Selects Assault Grenadiers
Selects Smoke Bombing Run
Selects Incendiary Bombing Run
Incendiary Bombing Run
Nebelwerfer 42 Rocket Launcher Team
Selects Rapid Production
Nebelwerfer 42 Rocket Launcher Team
Panzergrenadier Officer Quarters
Incendiary Bombing Run
StuG III G Assault Gun
Incendiary Bombing Run
Pioneer Squad
Construct Panzer Kompanie
Selects Blitzkrieg
insane
DaRtH VaDeRX2020
wirbelwind
MADE.IN.IRAQ
Reshala
joker
KrysKryngles
Slrig
0
0
Comments
sign in to comment!
No comments posted yet!